Map: Automaton LE

Players

pygmypony

  • Race: Terran Terran
  • League: Silver
  • Spawn Location: 3:00

peopeo - Winner!

  • Race: Protoss Protoss
  • Spawn Location: 9:00

VOD

Have the link to the VOD?

Description

Time

  • Played on: March 31, 2019, 8:15 a.m.
  • Length: 10:42
Show
View Real Time Build Order
Export as new Build Order

pygmypony Terran 

Build Orders:  

Get SALT Encoding   

  12  0:02  SCV  
  13  0:24  SCV, Supply Depot  
  14  0:29  Refinery  
  14  0:36  SCV  
  15  0:47  Barracks  
  15  0:49  SCV  
  16  1:05  Barracks  
  16  1:07  SCV  
  17  1:24  Barracks  
  17  1:27  SCV  
  18  1:37  Reaper  
  18  1:39  SCV  
  20  1:47  Refinery  
  20  1:57  Orbital Command  
  20  2:04  Reaper  
  21  2:44  Reaper x2  
  23  4:32  Reaper  
  23  4:35  Reaper  
  23  4:45  Reaper  
  23  4:52  SCV  
  23  5:03  Command Center  
  23  5:04  Engineering Bay  
  23  5:07  Command Center  
  23  5:21  Supply Depot  
  23  5:29  Barracks  
  23  5:43  SCV, Reaper x2  
  26  5:52  Supply Depot  
  26  5:54  Supply Depot  
  26  5:55  SCV  
  26  5:56  Reaper  
  28  6:01  Terran Infantry Weapons Level 1  
  28  6:02  Factory  
  28  6:06  Missile Turret  
  28  6:07  SCV  
  29  6:15  Reaper x2  
  31  6:19  SCV  
  32  6:28  Reaper  
  32  6:29  Planetary Fortress  
  32  6:31  SCV  
  33  6:47  Reaper  
  33  6:51  Reaper  
  33  6:52  Reaper  
  34  7:00  Reaper, Refinery  
  35  7:08  Command Center  
  35  7:19  Command Center, Reaper  
  36  7:24  Reaper  
  36  7:25  Starport  
  37  7:46  Refinery  
  37  7:49  SCV  
  38  8:02  Refinery  
  38  8:07  Factory Tech Lab, Starport  
  38  8:08  Refinery  
  38  8:10  SCV  
  31  8:38  Reaper x4  
  34  8:47  Planetary Fortress  
  34  8:51  Refinery  
  34  8:55  Planetary Fortress  
  34  9:00  Refinery  
  34  9:04  Starport  
  34  9:09  SCV  
  35  9:10  Reaper  
  35  9:12  SCV  
  37  9:22  SCV  
  39  9:24  SCV x2  
  38  9:32  Marine x3  
  38  9:34  SCV  
  38  9:36  SCV x2  
  45  9:38  SCV  
  45  9:46  SCV  
  45  9:48  SCV  
  45  9:56  Marine x2  
  45  9:57  Marine x2  
  45  9:58  SCV  
  49  10:00  SCV  
  49  10:02  SCV  
  51  10:10  SCV  
  55  10:14  Marine x3  
  55  10:15  SCV, Marine  
  53  10:34  Starport Tech Lab  
Show
View Real Time Build Order
Export as new Build Order

peopeo Protoss - Winner!

Build Orders:  

Get SALT Encoding   

  12  0:01  Probe  
  13  0:13  Probe  
  14  0:21  Pylon  
  14  0:25  Probe  
  15  0:39  Probe  
  15  0:42  Gateway  
  16  0:47  Assimilator  
  16  0:51  Probe  
  17  0:58  Assimilator  
  17  1:03  Probe  
  18  1:15  Probe  
  19  1:27  Probe  
  19  1:30  Cybernetics Core  
  20  1:36  Forge  
  20  1:39  Probe  
  21  1:40  Pylon  
  21  1:51  Probe  
  22  2:03  Probe  
  22  2:05  Warp Gate  
  23  2:15  Twilight Council  
  23  2:26  Photon Cannon  
  23  2:27  Protoss Shields Level 1  
  23  2:28  Pylon  
  23  2:34  Probe  
  24  2:46  Probe  
  25  2:51  Assimilator  
  25  2:58  Probe  
  26  3:06  Templar Archives  
  26  3:11  Gateway  
  26  3:15  Probe  
  27  3:29  Probe  
  28  3:41  Nexus  
  28  3:46  Assimilator  
  28  3:49  Probe  
  28  3:54  High Templar  
  31  4:01  Probe  
  32  4:12  Protoss Ground Weapons Level 1  
  32  4:13  Pylon  
  32  4:15  High Templar  
  34  4:22  Photon Cannon  
  34  4:26  Probe  
  34  4:31  High Templar  
  37  4:59  Probe  
  38  5:10  Pylon  
  38  5:12  Probe  
  39  5:14  High Templar  
  39  5:17  Probe  
  42  5:27  High Templar  
  44  5:38  Probe  
  44  5:41  Nexus  
  45  5:46  Gateway  
  45  5:49  Photon Cannon  
  45  5:58  High Templar  
  45  5:59  Gateway  
  45  6:02  Protoss Ground Armor Level 1  
  47  6:12  Photon Cannon, High Templar  
  49  6:18  Shield Battery  
  49  6:25  Assimilator  
  47  6:34  High Templar  
  45  6:42  High Templar  
  45  6:52  High Templar  
  47  6:59  Probe  
  48  7:05  High Templar  
  50  7:08  Probe  
  51  7:21  Probe  
  52  7:23  Pylon  
  52  7:27  Shield Battery  
  52  7:28  High Templar  
  52  7:29  High Templar  
  56  7:33  Probe  
  56  7:36  Assimilator  
  57  7:45  Probe  
  57  7:50  High Templar  
  60  7:53  Protoss Ground Weapons Level 2  
  60  7:55  High Templar  
  60  7:57  Probe  
  63  8:04  Gateway  
  63  8:05  Gateway  
  63  8:09  Pylon  
  63  8:14  Photon Cannon  
  63  8:19  Shield Battery  
  61  8:24  High Templar  
  57  8:29  High Templar  
  57  8:30  High Templar  
  61  8:36  High Templar  
  63  8:56  Probe  
  64  9:07  Pylon  
  64  9:12  High Templar  
  64  9:14  High Templar  
  64  9:16  High Templar  
  70  9:18  Assimilator  
  70  9:31  High Templar  
  70  9:34  High Templar  
  74  10:37  High Templar  
  74  10:38  High Templar  
  74  10:39  High Templar  
Tags
 
League
Silver
Matchup
PvT
Spawn Locations
Cross Positions
Add a new tag
Caveats
  • Supply blocks, unpowered buildings, or Contaminate may cause inaccurate times.
  • Supply counts are checked every 10 seconds.